 Dungeon Crawl Stone Soup version 0.28-a0-643-g84cb2ea78e (webtiles) character file.

Game seed: 45372516147796178

27 Irenicus the Digger (level 2, 0/22 HPs)
             Began as a Deep Dwarf Earth Elementalist on Oct 10, 2021.
             Slain by Terence (4 damage)
             ... on level 2 of the Dungeon.
             The game lasted 00:04:26 (648 turns).

Irenicus the Digger (Deep Dwarf Earth Elementalist)  Turns: 648, Time: 00:04:26

Health: 0/22       AC:  3    Str: 11    XL:     2   Next: 93%
Magic:  0/4        EV: 11    Int: 15    God:
Gold:   71         SH:  0    Dex: 13    Spells: 3/4 levels left

rFire   + . .      SeeInvis .   f - +0 club
rCold   . . .      Faith    .   (no shield)
rNeg    . . .      Spirit   .   d - +0 leather armour
rPois   .          Reflect  .   (no helmet)
rElec   .          Harm     .   (no cloak)
rCorr   .          Rampage  .   (no gloves)
Will    +....                   (no boots)
Stlth   ++........              (no amulet)
HPRegen 0.00/turn               W - ring of willpower
MPRegen 0.09/turn               F - ring of protection from fire

@: no status effects
A: damage resistance, heal wounds, sense surroundings 1, no regeneration
a: Heal Wounds


You were on level 2 of the Dungeon.
You visited 1 branch of the dungeon, and saw 2 of its levels.

You collected 71 gold pieces.


Innate Abilities, Weirdness & Mutations

You are resistant to damage.
You can heal yourself by infusing magical energy.
You passively map a small area around you.
You do not regenerate.


   Skills:
 - Level 2.1 Dodging
 - Level 2.4 Stealth
 - Level 1.7 Spellcasting
 - Level 0.8 Transmutations
 + Level 5.5 Earth Magic


You had 3 spell levels left.
You knew the following spells:

 Your Spells              Type           Power      Damage    Failure   Level
z - Sandblast             Erth           36%        2d10      3%          1

Your spell library contained the following spells:

 Spells                   Type           Power      Damage    Failure   Level
 Passwall                 Tmut/Erth      8%         N/A       12%         2
 Stone Arrow              Conj/Erth      18%        3d8       28%         3
 Petrify                  Tmut/Erth      10%        N/A       63%         4

Inventory:

Hand Weapons
 f - a +0 club (weapon)
Missiles
 c - 15 stones
 g - 3 curare-tipped darts {=f}
Armour
 d - a +0 leather armour (worn)
Jewellery
 F - a ring of protection from fire (right hand)
 W - a ring of willpower (left hand)
Scrolls
 a - a scroll of brand weapon {unknown}
 b - a scroll of immolation {unknown}
 e - a scroll of magic mapping {unknown}

Dungeon Overview and Level Annotations

Branches:
Dungeon (2/15)

Altars:

Annotations:
D:2 Terence

######.## ♣... #......# *
♣.♣♣♣ * * ########.###).#
... * #.............# .♣♣* ,
#.######..##.## # # #♣ #.#
#.#.#.# .# #. ,*
##.######.##..######.# #. *,
#....................####. *
#..######@#.##............ *
###..######.@####...#####.##
#.†..##.......?.##...###.##
#.#.###.##w.###.###.▒.#.##
#.#.# * #.#.# # ##.▒.## ,
....# ..##.# , ,##.▒.#
...... ... ..# * ##.▒.#
*###...##.#, ### * #.▒.#
#.....# * , * * , #.▒.#


You could see Terence and a worm.


Message History

Terence zaps a wand.
You hear a grinding noise.
Found a scroll labelled HUCSAFOLEA.
A worm comes into view.
You see here a +0 club.
f - a +0 club (weapon)
You hit Terence but do no damage.
Terence is severely wounded.
Terence barely misses you.
You closely miss Terence.
Terence is severely wounded.
Terence completely misses you.
Casting: Sandblast (safe; 3% risk of failure)
Confirm with . or Enter, or press ? or * to list all spells.
Aiming: Sandblast (safe; 3% risk of failure)
Press: ? - help, Shift-Dir - straight line, f/p - Terence
Aim: Terence, wielding a +1 short sword of flaming, wearing a +0 scale mail and carrying a wand of digging (4) (severely wounded, 82% to hit)
The blast of sand hits Terence but does no damage.
Terence is severely wounded.
Terence hits you with a +1 short sword of flaming.
* * * LOW HITPOINT WARNING * * *
Terence burns you.
It was a potion of cancellation.
You feel magically purged.
Terence hits you with a +1 short sword of flaming.
* * * LOW HITPOINT WARNING * * *
Terence hits you with a +1 short sword of flaming.
* * * LOW HITPOINT WARNING * * *
Terence burns you.
Terence hits you with a +1 short sword of flaming.
You die...

Skill      XL: |  1  2 |
---------------+-------+-----
Earth Magic    | 5 |  5.5
Dodging        | |  2.1
Stealth        | |  2.4
Spellcasting   | |  1.7
Transmutations | |  0.8

Action                   || total
-------------------------++-------
Melee: Unarmed           ||    16
       Club              ||     2
 Cast: Sandblast         ||    34
 Abil: Heal Wounds       ||     1
  Use: Potion            ||     3
 Stab: Sleeping          ||     1
Armor: Leather armour    ||     6
Dodge: Dodged            ||    14

Levels and vault maps discovered:
D:1:      evilmike_arrival_plus, layout_basic
D:2:      minmay_inner_zag, layout_loops_ring,
          shapermc_ecumenical_altar_totnotflames, nrook_mini_backslash,
          uniq_terence

Notes
Turn   | Place    | Note
-------+----------+-------------------------------------------
     0 | D:1      | Irenicus the Deep Dwarf Earth Elementalist began the quest
                  | for the Orb.
     0 | D:1      | Reached XP level 1. HP: 15/15 MP: 3/3
   123 | D:1      | Reached XP level 2. HP: 8/22 MP: 0/4
   184 | D:1      | Reached skill level 5 in Earth Magic
   555 | D:2      | Found a faded altar of an unknown god.
   562 | D:2      | Noticed Terence
   648 | D:2      | Slain by Terence

Vanquished Creatures
  An adder skeleton (D:2)
  A worm (D:2)
  A dart slug (D:1)
  4 ball pythons
  3 endoplasms (D:1)
  2 hobgoblins (D:1)
  A quokka (D:1)
  A bat (D:2)
  2 frilled lizards (D:1)
  2 kobolds
  2 rats (D:1)
20 creatures vanquished.

Table legend: (Time is in decaauts)
 A = Elapsed time spent in this place.
 B = Non-inter-level travel time spent in this place.
 C = Inter-level travel time spent in this place.
 D = Time resting spent in this place.
 E = Time spent auto-exploring this place.
 F = Levels seen in this place.
 G = Mean time per level.
                   A        B        C        D        E       F      G
               +--------+--------+--------+--------+--------+-----+--------+
         Total |    647 |    630 |     17 |      0 |      0 |   2 |  323.5 |
       Dungeon |    647 |    630 |     17 |      0 |      0 |   2 |  323.5 |
               +--------+--------+--------+--------+--------+-----+--------+

Top non-repeatable levels by time:
     D:1: 337 daAuts
     D:2: 310 daAuts

Table legend:
 A = Non-vault XP
 B = Vault XP
 C = Vault XP percentage of total XP
 D = Non-vault monster count
 E = Vault monster count
 F = Vault count percentage of total count
                 A         B        C        D         E       F
            +---------+---------+-------+---------+---------+-------
      Total |      39 |       0 |   0.0 |      20 |       0 |   0.0
            +---------+---------+-------+---------+---------+-------
        D:1 |      25 |       0 |   0.0 |      15 |       0 |   0.0
        D:2 |      14 |       0 |   0.0 |       5 |       0 |   0.0
            +---------+---------+-------+---------+---------+-------
